 Dungeon Crawl Stone Soup version 0.27-a0-1374-gc14e5d3922 (webtiles) character file.

Game seed: 17507042236673545334

4 Lentor the Skirmisher (level 1, -5/20 HPs)
             Began as a Minotaur Berserker on June 29, 2021.
             Was a Follower of Trog.
             Slain by Jessica (8 damage)
             ... on level 2 of the Dungeon.
             The game lasted 00:00:38 (91 turns).

Lentor the Skirmisher (Minotaur Berserker)            Turns: 91, Time: 00:00:39

Health: -5/20      AC:  2    Str: 21    XL:     1   Next: 58%
Magic:  0/0        EV: 12    Int:  4    God:    Trog [*.....]
Gold:   0          SH:  0    Dex:  9    Spells: 0/0 levels left

rFire    . . .     SeeInvis .   a - +0 hand axe
rCold    . . .     Faith    .   (no shield)
rNeg     . . .     Spirit   .   b - +0 animal skin
rPois    .         Reflect  .   (helmet restricted)
rElec    .         Harm     .   (no cloak)
rCorr    .         Rampage  .   (no gloves)
Will     .....                  (no boots)
Stlth    +.........             (no amulet)
HPRegen  0.06/turn              (no ring)
MPRegen  0.07/turn              (no ring)

@: lethally poisoned (-5 -> -10)
A: horns 2, retaliatory headbutt
a: Renounce Religion, Berserk


You were on level 2 of the Dungeon.
You worshipped Trog.
Trog was aware of your devotion.
You visited 1 branch of the dungeon, and saw 2 of its levels.

Inventory:

Hand Weapons
 a - a +0 hand axe (weapon)
Armour
 b - a +0 animal skin (worn)


   Skills:
 + Level 3.8 Fighting
 + Level 3.8 Axes
 + Level 2.4 Armour
 + Level 2.2 Dodging


You couldn't memorise any spells.
You didn't know any spells.
Your spell library was empty.

Dungeon Overview and Level Annotations

Branches:
Dungeon (2/15)

Altars:

Annotations:
D:2 Jessica


Innate Abilities, Weirdness & Mutations

You have a pair of horns on your head.
You reflexively headbutt those who attack you in melee.


Message History

You hit the frilled lizard but do no damage.
The ball python bites you. The ball python barely misses you.
The frilled lizard hisses.
The frilled lizard bites you. The ball python bites you.
The ball python closely misses you.
You feel yourself speed up.
Jessica gestures wildly while chanting.
Jessica blinks!
Jessica drinks a potion.
Jessica seems to grow stronger.
The frilled lizard closely misses you. You furiously retaliate!
You headbutt the frilled lizard!
You kill the frilled lizard!
Trog accepts your kill.
The ball python bites you but does no damage.
The ball python misses you.
Jessica grins evilly.
There is a stone staircase leading up here.
Jessica points at you and mumbles some strange words.
You resist with significant effort. The ball python closely misses you.
The ball python barely misses you.
You climb upwards.
A hobgoblin comes into view.
There is a stone staircase leading down here.
Jessica hits you with a +2 dagger of venom.
You are lethally poisoned!
The hobgoblin closely misses you. The dart slug barely misses you.
The ball python barely misses you. You furiously retaliate!
You headbutt the ball python!
You kill the ball python!
Trog accepts your kill. Jessica closely misses you. You furiously retaliate!
You headbutt Jessica.
You climb downwards.
* * * LOW HITPOINT WARNING * * *
You feel very sick.
There is a stone staircase leading up here.
You closely miss the hobgoblin. You hit Jessica.
You hit the dart slug but do no damage.
* * * LOW HITPOINT WARNING * * *
You feel sick. The hobgoblin barely misses you.
Jessica hits you with a +2 dagger of venom!
You die...

....>.?##........#...
.......##..........#
........# #........#
........###†.......###
............>........#
..........##.##......#
.##.....#..#.#.......#
.##..(..##.#.#..@....#
####.....#.#....@g...#
# #.....#+#....w..#.#
# #...............#.#
................# # .
..........# .
#........#.
##......##.. #......+
...


You could see a dart slug, Jessica (fast, strong) and a hobgoblin.

Vanquished Creatures
  A ball python (D:1)
  An endoplasm (D:2)
  2 frilled lizards
  A rat (D:2)
5 creatures vanquished.

Notes
Turn   | Place    | Note
-------+----------+-------------------------------------------
     0 | D:1      | Lentor the Minotaur Berserker began the quest for the Orb.
     0 | D:1      | Reached XP level 1. HP: 19/19 MP: 0/0
    49 | D:1      | You fall into a shaft and drop 1 floor!
    50 | D:2      | Noticed Jessica
    91 | D:2      | Slain by Jessica

Illustrated notes

Levels and vault maps discovered:
D:1:      nicolae_arrival_memento_mori, layout_basic,
          shapermc_ecumenical_altar_notcrosses
D:2:      layout_basic, minmay_misc_feat_nine_boxes,
          chequers_serial_rivers_small_3, minivault_11, uniq_jessica,
          uniq_terence

Action                   || total
-------------------------++-------
Melee: Hand axe          ||     3
Armor: Animal skin       ||     2
Dodge: Dodged            ||    17

Table legend: (Time is in decaauts)
 A = Elapsed time spent in this place.
 B = Non-inter-level travel time spent in this place.
 C = Inter-level travel time spent in this place.
 D = Time resting spent in this place.
 E = Time spent auto-exploring this place.
 F = Levels seen in this place.
 G = Mean time per level.
                   A        B        C        D        E       F      G
               +--------+--------+--------+--------+--------+-----+--------+
         Total |    100 |    100 |      0 |      0 |     46 |   2 |   50.0 |
       Dungeon |    100 |    100 |      0 |      0 |     46 |   2 |   50.0 |
               +--------+--------+--------+--------+--------+-----+--------+

Top non-repeatable levels by time:
     D:1: 51 daAuts
     D:2: 49 daAuts
